 Dungeon Crawl Stone Soup version 0.28-a0-983-g1de4e0787c (console) character file.

Game seed: 7652795617485269133

191979 jejorda2 the Bludgeoner (level 17, -1/225 HPs)
             Began as a Red Draconian Berserker on Dec 2, 2021.
             Was a High Priest of Trog.
             Slain by a salamander (6 damage)
             ... on level 2 of the Snake Pit.
             The game lasted 02:10:10 (42487 turns).

jejorda2 the Bludgeoner (Red Draconian Berserker)  Turns: 42487, Time: 02:10:11

Health: -1/225     AC: 21    Str: 21    XL:     17   Next: 59%
Magic:  35/35      EV: 17    Int:  9    God:    Trog [*****.]
Gold:   1724       SH: 15    Dex: 11    Spells: 16/16 levels left

rFire   + + +      SeeInvis .   a - +9 eveningstar (elec)
rCold   + . .      Faith    +   X - +2 kite shield {rC+ rF+}
rNeg    + . .      Spirit   .   (armour unavailable)
rPois   +          Reflect  .   R - +2 hat {Will+}
rElec   +          Harm     .   Y - +2 cloak {rCorr}
rCorr   +          Rampage  ∞   d - +2 pair of gloves
Will    +++..                   q - +3 pair of seven-league boots {Rampage+∞}
Stlth   ..........              i - amulet of faith
HPRegen 0.47/turn               T - ring "Pyen" {rPois rF+ rN+ Will+ MP+9}
MPRegen 0.24/turn               V - ring of Tyeqeis {rElec rPois MP+9 Dex-5 Stlth+}

@: berserking (expiring), studying Shields, very quick
A: breathe fire, AC +9, unfitting armour, fire resistance 1, cold-blooded
}: 1/15 runes: decaying
a: Breathe Fire, Renounce Religion, Berserk, Trog's Hand, Brothers in Arms


You were on level 2 of the Snake Pit.
You worshipped Trog.
Trog was extremely pleased with you.
You visited 5 branches of the dungeon, and saw 29 of its levels.
You also visited: Bailey, Gauntlet, Ice Cave and Volcano.

You collected 4897 gold pieces.
You spent 3173 gold pieces at shops.

Inventory:

Hand Weapons
 a - a +9 eveningstar of electrocution (weapon)
 b - the +6 eveningstar of Coazoec {antimagic, *Noise +Blink rPois rN+}
   (Trog gifted it to you on level 2 of the Swamp)

   It reduces the magical energy of the wielder, and disrupts the spells and
   magical abilities of those it strikes.
   Natural abilities and divine invocations are not affected.
   rPois:     It protects you from poison.
   rN:        It protects you from negative energy.
   +Blink:    It lets you blink.
   *Noise:    It may make noises in combat.
Missiles
 k - 252 sling bullets
 m - 5 throwing nets
 o - 810 stones
 B - 44 boomerangs (quivered)
 M - 7 curare-tipped darts
 N - 52 poisoned darts
 S - 5 javelins
Armour
 d - a +2 pair of gloves (worn)
 q - the +3 pair of seven-league boots (worn) {Rampage+∞}
   (You acquired it on level 1 of the Snake Pit)

   Its wearer moves as far as possible in that direction when moving towards
   enemies.
 R - a +2 hat of willpower (worn)
 X - a +2 kite shield of resistance (worn)
 Y - a +2 cloak of preservation (worn)
Jewellery
 i - an amulet of faith (around neck)
 r - a ring of flight
 w - a ring of see invisible
 T - the ring "Pyen" (left hand) {rPois rF+ rN+ Will+ MP+9}
   (You bought it in a shop on level 2 of the Orcish Mines)

   [ring of magical power]

   rF:        It protects you from fire.
   rPois:     It protects you from poison.
   rN:        It protects you from negative energy.
   MP:        It affects your magic capacity (+9).
   Will:      It increases your willpower.
 V - the ring of Tyeqeis (right hand) {rElec rPois MP+9 Dex-5 Stlth+}
   (You found it on level 14 of the Dungeon)

   [ring of magical power]

   Dex:       It affects your dexterity (-5).
   rElec:     It insulates you from electricity.
   rPois:     It protects you from poison.
   MP:        It affects your magic capacity (+9).
   Stlth:     It makes you more stealthy.
Wands
 c - a wand of acid (11)
 s - a wand of iceblast (55)
 t - a wand of charming (5)
 v - a wand of paralysis (35)
 y - a wand of digging (15)
 C - a wand of polymorph (25)
 J - a wand of flame (50)
Scrolls
 e - 6 scrolls of fear
 f - 6 scrolls of teleportation
 p - 2 scrolls of magic mapping
 u - 4 scrolls of blinking
 x - 3 scrolls of fog
 z - 5 scrolls of identify
 Z - 2 scrolls of holy word
Potions
 h - a potion of resistance
 j - 5 potions of might
 l - 2 potions of flight
 n - a potion of heal wounds
 A - 6 potions of attraction
 D - 3 potions of ambrosia
 E - 4 potions of haste
 F - 12 potions of curing
 G - 2 potions of mutation
 I - a potion of berserk rage
 K - a potion of invisibility
 O - 5 potions of lignification
Miscellaneous
 Q - a lightning rod (4/4)
 W - a phial of floods


   Skills:
 + Level 13.4 Fighting
 - Level 16.0 Maces & Flails
 - Level 16.0 Throwing
 + Level 14.8 Dodging
 - Level 15.0 Shields
 + Level 8.3 Evocations


You had 16 spell levels left.
You didn't know any spells.
Your spell library was empty.

Dungeon Overview and Level Annotations

Branches:
Dungeon (15/15)            Temple (0/1) D:4            Lair (6/6) D:8
  Swamp (4/4) Lair:2        Snake (2/4) Lair:4        Slime (0/5) Lair:5
    Orc (2/2) D:10            Elf (0/3) Orc:2        Vaults (0/5) D:13
 Depths (0/4) D:15         Bailey (visited)           IceCv (visited)
Volcano (visited)         Gauntlet (visited)

Altars:
Okawaru
Sif Muna
The Shining One
Beogh
Lugonu

Shops:
D:3 *   D:14 =   Orc:2 :==(   Snake:1 :=   Snake:2 :==

Portals:
Abyss: Lair:6
Trove: D:15 (give 7 scrolls of fear)

Annotations:
Lair:5 2 runed translucent doors, Isouggaj's ghost, journeyman BaIE


Innate Abilities, Weirdness & Mutations

You can breathe blasts of fire.
Your fiery red scales are hard. (AC +9)
You cannot fit into any form of body armour.
Your flesh is heat resistant. (rF+)
You are cold-blooded and may be slowed by cold attacks.


Message History

* * * LOW HITPOINT WARNING * * *
The naga warrior grabs you. The naga warrior constricts you.
You puncture the naga warrior!
The naga warrior is heavily wounded.
You feel sick. You block the naga warrior's attack.
You barely miss the naga warrior.
The naga warrior is heavily wounded.
The salamander hits you but does no damage.
You block the naga warrior's attack. The naga warrior constricts you.
* * * LOW HITPOINT WARNING * * *
You barely miss the naga warrior.
The naga warrior is heavily wounded.
You feel sick.
You are no longer poisoned.
The naga warrior hits you from afar with a +0 halberd.
* * * LOW HITPOINT WARNING * * *
You bludgeon the naga warrior!!
Lightning courses through the naga warrior!
The naga warrior is severely wounded.
The naga warrior spits poison at you. The splash of poison misses you.
The naga warrior constricts you. You block the salamander's attack.
You barely miss the naga warrior.
The naga warrior is severely wounded.
The naga warrior spits poison at you. The splash of poison misses you.
You puncture the naga warrior!
The naga warrior is almost dead.
The naga warrior closely misses you. The naga warrior constricts you.
* * * LOW HITPOINT WARNING * * *
You block the salamander's attack.
You closely miss the naga warrior.
The naga warrior is almost dead.
You block the naga warrior's attack.
You bludgeon the naga warrior!!
Lightning courses through the naga warrior!!
You kill the naga warrior!
Trog accepts your kill.
The salamander hits you from afar with a +0 spear.
You die...

###..........##..........>..#.
#.............#............##
#............................
#............###..........####
.#.............##........##
#####...........###......##
.............##......#
..^..$.?...###..###
........@...# .# ........†)..#
#.....))NN...# #
##..........#... ##
##.......##.... .# #......###
#..# .# ......### ..# .#
...##. .# ## #.. ##


You could see a naga warrior (strong) and a salamander (strong).

Vanquished Creatures
  Jorgrun (D:10)
  Gastronok (Lair:2)
  Kirke (Lair:4)
  2 thorn hunters
  A frost giant (IceCv)
  2 fenstrider witches
  The ghost of Mockok the Thaumaturge, an adept HuCj of Sif Muna (D:14)
  7 eleionomae
  A minotaur (Gauntlet)
  4 bunyips
  An ettin (D:13)
  2 shambling mangroves
  Harold (D:8)
  4 naga warriors (Snake:2)
  20 hydras
  An ogre mage (Volcano)
  4 ghost crabs
  3 catoblepae (Lair:5)
  9 two-headed ogres
  4 anacondas
  A centaur warrior (D:14)
  4 alligators
  8 death yaks
  2 tengu warriors (D:15)
  A titan zombie (D:15)
  A shock serpent (Snake:1)
  The ghost of ragingrage the Impaler, a novice MfGl of Okawaru (D:8)
  2 thrashing horrors (Lair:6)
  A vampire mage (D:15)
  7 orc high priests
  Nergalle (Lair:1)
  4 sixfirhies (Gauntlet)
  The ghost of AmazingEquinox the Severer, a novice MiBe of Trog (D:8)
  A salamander mystic (Snake:2)
  7 skeletal warriors
  5 spriggan druids
  A shadow wraith (D:14)
  8 goliath frogs
  13 swamp dragons
  3 naga ritualists (Snake:2)
  2 sea snakes (Snake:1)
  4 bog bodies
  A golden dragon skeleton (D:15)
  A necromancer (D:15)
  4 orc knights
  2 phantasmal warriors (D:14)
  5 deep elf pyromancers
  4 will-o-the-wisps
  A frost giant zombie (D:15)
  3 ugly things
  8 cyclopes
  3 mana vipers
  An orc sorcerer (Orc:2)
  7 salamanders
  2 elephants (Lair:2)
  6 manticores
  4 guardian serpents
  14 black mambas
  A black mamba (shapeshifter) (D:14)
  6 naga magi
  An ice statue (IceCv)
  A torpor snail (Lair:2)
  2 smoke demons (Lair:6)
  An unseen horror (D:13)
  A gargoyle (D:10)
  10 cane toads
  6 rime drakes
  3 ancient zymes (Lair:6)
  2 freezing wraiths
  10 komodo dragons
  2 ice devils (D:13)
  7 trolls
  3 tengu conjurers
  A wolf spider simulacrum (Gauntlet)
  12 polar bears
  4 bloated husks
  Prince Ribbit (D:7)
  6 tyrant leeches
  14 hornets
  Grinder (D:3)
  32 blink frogs
  10 slime creatures
  3 centaur simulacra
  4 wyverns
  2 shadows
  9 spriggans
  A fire elemental (Lair:3)
  2 large abominations (Lair:6)
  10 small abominations (Lair:6)
  4 wraiths
  2 ynoxinuls (Lair:6)
  A vampire (D:12)
  A human (Lair:4)
  A hog (shapeshifter) (D:13)
  A steam dragon (D:8)
  63 yaks
  6 basilisks
  3 chaos spawn (Lair:6)
  2 wargs
  Menkaure (D:7)
  10 vampire mosquitoes
  20 swamp worms
  14 nagas
  2 acid dragons
  9 water moccasins
  Duvessa (D:7)
  An ice beast (D:7)
  40 orc warriors
  A sky beast (D:8)
  3 black bears
  A meliai simulacrum (Gauntlet)
  4 swamp drakes
  5 ogres
  An ice dragon simulacrum (Gauntlet)
  A necrophage (D:5)
  46 wolves
  2 centaurs
  A kobold brigand (D:11)
  14 bullfrogs
  3 gnoll sergeants
  3 scorpions
  Dowan (D:6)
  A tengu zombie (D:15)
  12 wights
  3 killer bees (D:8)
  2 howler monkeys (D:14)
  6 electric eels
  5 centaur zombies
  4 jellies
  35 orc priests
  2 hounds
  2 centaur skeletons
  6 iguanas
  Terence (D:2)
  Ijyb (D:3)
  15 orc wizards
  A hound zombie (D:5)
  18 gnolls
  6 adders
  A shadow imp (D:7)
  An ufetubus (D:5)
  An adder skeleton (D:4)
  2 worms (D:2)
  2 dart slugs
  70 orcs
  6 ball pythons
  5 bats
  10 endoplasms
  3 giant cockroaches (D:1)
  3 goblins
  6 hobgoblins
  2 quokkas
  4 frilled lizards
  8 kobolds
  8 rats
  A briar patch (Swamp:1)
  A butterfly (Lair:4)
904 creatures vanquished.

Vanquished Creatures (collateral kills)
  An eidolon (D:14)
  3 orc knights (Orc:2)
  2 black mambas (Snake:2)
  An elephant (Lair:2)
  3 orc warriors (Orc:2)
  6 orc priests (Orc:2)
  3 orcs (Orc:2)
19 creatures vanquished.

Vanquished Creatures (others)
  2 bloated husks (Swamp:3)
  A swamp drake (Swamp:4)
  An orc wizard (D:7)
  6 briar patches (Swamp:1)
  A butterfly (Lair:4)
  A demonic plant (Gauntlet)
  16 foxfires
  35 fungi
  47 plants
  3 withered plants (D:15)
113 creatures vanquished.

Grand Total: 1036 creatures vanquished

Notes
Turn   | Place    | Note
-------+----------+-------------------------------------------
     0 | D:1      | jejorda2 the Draconian Berserker began the quest for the
                  | Orb.
     0 | D:1      | Reached XP level 1. HP: 19/19 MP: 1/1
   170 | D:1      | Reached XP level 2. HP: 26/26 MP: 2/2
   316 | D:1      | Reached ** piety under Trog
   325 | D:1      | Found a faded altar of an unknown god.
   428 | D:1      | Reached XP level 3. HP: 26/33 MP: 3/3
   765 | D:2      | Reached XP level 4. HP: 40/40 MP: 4/4
  1175 | D:2      | Noticed Terence
  1193 | D:2      | Killed Terence
  1630 | D:3      | Reached XP level 5. HP: 43/46 MP: 5/5
  1713 | D:3      | Noticed Ijyb
  1728 | D:3      | Killed Ijyb
  1864 | D:3      | Found Fesat's General Store.
  1898 | D:3      | Noticed Grinder
  1908 | D:3      | Killed Grinder
  1909 | D:3      | Reached skill level 5 in Maces & Flails
  1909 | D:3      | Reached XP level 6. HP: 55/55 MP: 6/6
  1997 | D:3      | Bought a scroll of identify for 20 gold pieces
  2236 | D:3      | Reached skill level 5 in Fighting
  2787 | D:4      | Found a staircase to the Ecumenical Temple.
  3034 | D:4      | Your scales start taking on a fiery red colour.
  3034 | D:4      | Reached XP level 7. HP: 58/61 MP: 7/7
  3034 | D:4      | Gained mutation: Your flesh is heat resistant. (rF+) [Red
                  | Draconian growth]
  3235 | D:5      | Entered Level 5 of the Dungeon
  3376 | D:5      | You fall into a shaft and drop 1 floor!
  3608 | D:5      | Reached skill level 5 in Dodging
  3608 | D:5      | Reached XP level 8. HP: 64/70 MP: 8/8
  3645 | D:5      | Reached *** piety under Trog
  4654 | D:6      | Found a shimmering blue altar of Sif Muna.
  4779 | D:6      | Reached skill level 1 in Shields
  5347 | D:7      | Noticed Dowan
  5347 | D:7      | Noticed Duvessa
  5371 | D:7      | Killed Duvessa
  5372 | D:7      | Reached XP level 9. HP: 59/75 MP: 9/9
  5625 | D:7      | Noticed Prince Ribbit
  5655 | D:6      | Killed Dowan
  5891 | D:7      | Killed Prince Ribbit
  5892 | D:7      | Reached skill level 10 in Maces & Flails
  5900 | D:7      | Noticed Menkaure
  5908 | D:7      | Killed Menkaure
  6599 | D:8      | Noticed Harold
  6614 | D:8      | Killed Harold
  6778 | D:8      | Noticed a death yak
  6791 | D:8      | Killed a death yak
  6792 | D:8      | Reached XP level 10. HP: 83/83 MP: 10/10
  6846 | D:8      | Noticed a death yak
  6863 | D:8      | Killed a death yak
  6893 | D:8      | Noticed a death yak
  6990 | D:8      | Killed a death yak
  7013 | D:8      | Reached skill level 5 in Evocations
  7137 | D:8      | Found a staircase to the Lair.
  7259 | D:8      | Found a runed translucent gate.
  7260 | D:8      | Found a runed translucent gate.
  7261 | D:8      | Found a runed translucent gate.
  7261 | D:8      | Noticed ragingrage's ghost (novice MfGl)
  7261 | D:8      | Noticed AmazingEquinox's ghost (novice MiBe)
  7773 | D:8      | Killed ragingrage's ghost
  7774 | D:8      | Reached XP level 11. HP: 67/89 MP: 11/11
  7784 | D:8      | Killed AmazingEquinox's ghost
  8033 | Lair:1   | Entered Level 1 of the Lair of Beasts
  8298 | Lair:1   | Noticed a six-headed hydra
  8306 | Lair:1   | Killed a six-headed hydra
  8715 | Lair:1   | Reached skill level 15 in Maces & Flails
  8867 | Lair:1   | Reached **** piety under Trog
  8872 | Lair:1   | Noticed Nergalle
  8882 | Lair:1   | Noticed a spectral orc warlord
  8890 | Lair:1   | Killed Nergalle
  9016 | D:3      | Bought a scroll of acquirement for 520 gold pieces
  9017 | D:3      | Acquired a manual of Throwing
  9018 | D:3      | Acquired 399 gold pieces
  9634 | Lair:1   | Reached skill level 1 in Throwing
 10176 | Lair:2   | Noticed a bog body
 10183 | Lair:2   | Killed a bog body
 10507 | Lair:2   | Reached XP level 12. HP: 81/100 MP: 12/12
 10524 | Lair:2   | Reached skill level 5 in Throwing
 10599 | Lair:2   | Noticed Gastronok
 10858 | Lair:2   | Noticed a six-headed hydra
 10885 | Lair:2   | Killed a six-headed hydra
 11227 | Lair:2   | Acquired 990 gold pieces
 11282 | Lair:2   | Killed Gastronok
 11850 | Lair:2   | Found a staircase to the Swamp.
 11956 | Lair:2   | Reached skill level 10 in Fighting
 12447 | Lair:3   | Noticed a six-headed hydra
 12459 | Lair:3   | Killed a six-headed hydra
 12499 | Lair:3   | Noticed an eight-headed hydra
 12508 | Lair:3   | Killed an eight-headed hydra
 12838 | Lair:3   | Reached skill level 10 in Throwing
 13006 | Lair:3   | Noticed a seven-headed hydra
 13029 | Lair:3   | Killed a seven-headed hydra
 13037 | Lair:3   | Reached XP level 13. HP: 35/116 MP: 13/13
 14497 | Lair:4   | Found a staircase to the Snake Pit.
 14643 | Lair:4   | Noticed Kirke
 14652 | Lair:4   | Killed Kirke
 15257 | Lair:5   | Found a dark tunnel.
 15561 | Volcano  | Entered a volcano
 15920 | Lair:5   | Found a large runed translucent door.
 15921 | Lair:5   | Found a large runed translucent door.
 15923 | Lair:5   | Noticed Isouggaj's ghost (journeyman BaIE)
 15966 | Lair:5   | Found a staircase to the Slime Pits.
 16533 | Lair:6   | Entered Level 6 of the Lair of Beasts
 18615 | Lair:6   | Reached XP level 14. HP: 98/126 MP: 14/14
 19228 | Lair:6   | Found a corrupted altar of Lugonu.
 19228 | Lair:6   | Found a one-way gate to the infinite horrors of the Abyss.
 19877 | D:9      | Found a flagged portal.
 19930 | D:9      | Reached ***** piety under Trog
 20009 | Bailey   | Entered a bailey
 20021 | Bailey   | Reached skill level 5 in Shields
 21208 | D:10     | Entered Level 10 of the Dungeon
 21626 | D:10     | Found a staircase to the Orcish Mines.
 22029 | D:11     | Found a gate leading to a gauntlet.
 22038 | Gauntlet | Entered a Gauntlet
 22038 | Gauntlet | Found a transporter.
 22091 | Gauntlet | Found a transporter.
 22108 | Gauntlet | Found a transporter.
 22111 | Gauntlet | Found a transporter.
 22131 | Gauntlet | Found a transporter.
 22144 | Gauntlet | Found a transporter.
 22157 | Gauntlet | Found a transporter.
 22177 | Gauntlet | Found a transporter.
 22181 | Gauntlet | Found a transporter.
 22185 | Gauntlet | Found a runed translucent door.
 22189 | Gauntlet | Found a transporter.
 22198 | Gauntlet | Found a runed translucent door.
 22217 | Gauntlet | Found a transporter.
 22217 | Gauntlet | Found a transporter.
 22325 | Gauntlet | Identified the ring "Dompuzxo" {rC+ Stlth+}
 22443 | Gauntlet | Identified the ring of the Manifold Violins {*Slow AC+4
                  | Str+2 Dex+8}
 22488 | Gauntlet | Identified the ring of Attitude {Fire rN+ rCorr Stlth+}
 23130 | D:11     | Found a glowing golden altar of the Shining One.
 24603 | D:13     | Reached skill level 10 in Dodging
 24680 | D:13     | Found a frozen archway.
 24691 | D:13     | Received a gift from Trog
 24813 | IceCv    | Entered an ice cave
 25557 | IceCv    | Reached XP level 15. HP: 126/132 MP: 15/15
 25690 | IceCv    | Noticed a frost giant
 25725 | IceCv    | Killed a frost giant
 25978 | IceCv    | Found the +4 skin of Zhor {*Englaciate rC+++ SInv}
 25989 | IceCv    | Identified the +1 ring mail of Articulation {MP+9 Dex-5
                  | Slay+2}
 27325 | D:13     | Found a gate to the Vaults.
 27456 | Orc:1    | Entered Level 1 of the Orcish Mines
 27456 | Orc:1    | Noticed Jorgrun
 27477 | D:10     | Killed Jorgrun
 28030 | Orc:2    | Entered Level 2 of the Orcish Mines
 28030 | Orc:2    | Found a staircase to the Elven Halls.
 28198 | Orc:2    | Received a gift from Trog
 29114 | Orc:2    | Received a gift from Trog
 30077 | Orc:2    | Found Xojelugo's Book Boutique.
 30080 | Orc:2    | Found Ojaugubu's Jewellery Boutique.
 30081 | Orc:2    | Found Soodaxuh's Antique Weapon Boutique.
 30082 | Orc:2    | Found Qeopotum's Jewellery Shop.
 30108 | Orc:2    | Bought a ring of see invisible for 255 gold pieces
 30108 | Orc:2    | Bought the ring "Pyen" {rPois rF+ rN+ Will+ MP+9} for 816
                  | gold pieces
 30111 | Orc:2    | Bought a runed eveningstar for 522 gold pieces
 30115 | Orc:2    | Bought a manual of Shields for 1040 gold pieces
 30438 | D:14     | Found Vydicot's Jewellery Boutique.
 30525 | D:14     | Reached skill level 10 in Shields
 30821 | D:14     | Found a runed translucent gate.
 30821 | D:14     | Found a runed translucent gate.
 30822 | D:14     | Found a runed translucent gate.
 30822 | D:14     | Noticed Mockok's ghost (adept HuCj)
 31335 | D:14     | Killed Mockok's ghost
 31589 | D:14     | Identified the ring of Tyeqeis {rElec rPois MP+9 Dex-5
                  | Stlth+}
 31624 | D:15     | Entered Level 15 of the Dungeon
 31685 | D:15     | Found a staircase to the Depths.
 32000 | D:15     | Received a gift from Trog
 32157 | D:15     | Reached XP level 16. HP: 139/139 MP: 16/16
 32292 | D:15     | Found a portal to a secret trove of treasure.
 32359 | D:15     | Found an iron altar of Okawaru.
 33100 | Swamp:1  | Entered Level 1 of the Swamp
 33585 | Swamp:1  | Noticed a thorn hunter
 33601 | Swamp:1  | Killed a thorn hunter
 35425 | Swamp:2  | Identified the +6 eveningstar of Coazoec {antimagic, *Noise
                  | +Blink rPois rN+} (Trog gifted it to you on level 2 of the
                  | Swamp)
 35425 | Swamp:2  | Received a gift from Trog
 35541 | Swamp:2  | Paralysed by a fenstrider witch for 3 turns
 35548 | Swamp:2  | Paralysed by a fenstrider witch for 2 turns
 36879 | Swamp:3  | Reached skill level 15 in Shields
 36879 | Swamp:3  | Reached skill level 15 in Throwing
 37593 | Swamp:4  | Entered Level 4 of the Swamp
 37783 | Swamp:4  | Received a gift from Trog
 37822 | Swamp:4  | HP: 4/139 [goliath frog[a spriggan druid] (9)]
 37822 | Swamp:4  | HP: 1/139 [acid[a spriggan druid] (3)]
 38389 | Swamp:4  | Reached XP level 17. HP: 146/146 MP: 17/17
 39311 | Swamp:4  | Got a decaying rune of Zot
 39634 | Snake:1  | Entered Level 1 of the Snake Pit
 39735 | Snake:1  | Acquired the +3 pair of seven-league boots {Rampage+∞}
 39735 | Snake:1  | Found the +3 pair of seven-league boots {Rampage+∞}
 39929 | Snake:1  | Received a gift from Trog
 40012 | Snake:1  | Found Waritedu's Jewellery Shop.
 40014 | Snake:1  | Found Nomecveff's Book Shop.
 41701 | Snake:2  | Received a gift from Trog
 42171 | Snake:2  | Found Soriaqust's Jewellery Shop.
 42172 | Snake:2  | Found Roanoann's Book Shoppe.
 42173 | Snake:2  | Found Vaoviad's Jewellery Shop.
 42480 | Snake:2  | HP: 11/225 [poisoned by a guardian serpent (bolt of
                  | poison)]
 42482 | Snake:2  | HP: 5/225 [naga warrior (5)]
 42487 | Snake:2  | Slain by a salamander

Illustrated notes

Levels and vault maps discovered:
D:1:      dpeg_arrival_arbitrary_b, layout_basic,
          shapermc_ecumenical_altar_ellora
D:2:      layout_loops_ring, hangedman_glass_teeth, serial_bayou_crossing,
          uniq_terence
D:3:      layout_basic, serial_shops, nicolae_shop_stone, uniq_grinder,
          uniq_ijyb
D:4:      nicolae_cairo_tiling_large_dashed, layout_loops_ring,
          minmay_temple_entry_offerings, minmay_cut_off
D:5:      layout_gridville, grunt_ministairs_2, chequers_decorated_corner
D:6:      layout_basic, nicolae_sif_muna_condensation, st_stairs_11,
          water_boxes_lemuel
D:7:      layout_cave_pools, uniq_menkaure, uniq_prince_ribbit1, uniq_duvessa
D:8:      layout_loops_ring, dpeg_lair_monsters, gammafunk_ghost_cemetery,
          uniq_harold
D:9:      layout_loops_ring, enter_bailey_2
D:10:     layout_irregular_city, orc_0_dummy
D:11:     layout_rooms, gauntlet_entry_generic, tso_oasis_becter
D:12:     layout_loops_cross
D:13:     layout_basic, david_vaults_4, portal_ice_cave_demonic_guard
D:14:     minmay_angry_zag, layout_basic, serial_shops, shop,
          gammafunk_ghost_spectres, small_statue_alley_a
D:15:     gammafunk_depths_entry_grave, layout_stronghold, basic_altar,
          enter_trove_0
Lair:1:   layout_gridlike, worms_lemuel, uniq_nergalle
Lair:2:   layout_chaotic_city, nicolae_swamp_entry_splash_gauntlet,
          hibernation_bobbens, grunt_megastairs_5, uniq_gastronok
Lair:3:   layout_gridlike
Lair:4:   layout_layer_cave, guppyfry_snake_entry_island,
          small_statue_intersection, infiniplex_staircase_pool_2,
          grunt_megastairs_1, lemuel_fruit_fields, lemuel_fruit_tree, uniq_kirke
Lair:5:   layout_gridlike, slime_dummy, ebering_ghost_disaster_area,
          nicolae_volcano_entry_two_sided, serial_bayou_lagoon_a
Lair:6:   hellmonk_lair_end_abyssal_woods, layout_hall_layers
Swamp:1:  layout_basic_swamp, evilmike_swamp_ruin_house_6
Swamp:2:  layout_falls_marsh, serial_swamp_ruin, evilmike_swamp_ruin_rubble_2,
          evilmike_swamp_ruin_house_2
Swamp:3:  layout_falls_marsh, evilmike_swamp_ruin_house_3, swamp_pool2,
          nicolae_swamp_little_tower
Swamp:4:  swamp_alternative, layout_basic_swamp, swamp_pool1,
          nicolae_swamp_dense_foliage
Snake:1:  layout_rooms, nrook_guardian_serpent_double, serial_bayou_shore_a,
          minmay_shop_star
Snake:2:  layout_chambers, minmay_shop_grove
Orc:1:    layout_caves, uniq_jorgrun
Orc:2:    st_orc_pillars, layout_diamond_mine, bh_open_orc_temple

Skill      XL: |  1  2  3  4  5  6  7  8  9 10 11 12 13 14 15 16 17 |
---------------+----------------------------------------------------+-----
Dodging        | 3 4 5 6 10 13 14 | 14.8
Maces & Flails | 4 5 6 7 9 11 13 16 | 16.0
Fighting       | 4 5 6 7 11 12 13 | 13.4
Shields        | 3 4 7 11 15 | 15.0
Evocations     | 2 5 6 8 |  8.3
Throwing       | 4 10 14 16 | 16.0

Action                   |  1- 3 |  4- 6 |  7- 9 | 10-12 | 13-15 | 16-18 || total
-------------------------+-------+-------+-------+-------+-------+-------++-------
Melee: Mace              |    72 |    30 |       |       |       |       ||   102
       Tailslap          |     6 |    14 |    46 |   103 |   316 |   148 ||   633
       Whip              |       |   102 |   248 |    80 |       |       ||   430
       Flail             |       |     5 |    38 |    64 |   173 |       ||   280
       Morningstar       |       |       |     4 |   549 |  1170 |       ||  1723
       Eveningstar       |       |       |       |       |   308 |  1044 ||  1352
       Demon whip        |       |       |       |       |    80 |       ||    80
Throw: Stone             |    12 |    12 |    57 |     8 |       |       ||    89
       Dart              |       |       |       |    38 |     5 |       ||    43
       Boomerang         |       |       |       |       |   133 |   152 ||   285
       Javelin           |       |       |       |       |     5 |       ||     5
       Throwing net      |       |       |       |       |       |     1 ||     1
Invok: Berserk           |       |     3 |     6 |    12 |    11 |     8 ||    40
       Trog's Hand       |       |     2 |     3 |     6 |     8 |     4 ||    23
       Brothers in Arms  |       |       |       |     1 |     3 |     3 ||     7
 Abil: Breathe Fire      |       |       |    21 |    23 |    38 |    16 ||    98
Evoke: Wand              |       |       |     2 |     5 |     1 |     2 ||    10
  Use: Scroll            |       |     4 |     3 |     7 |    21 |     9 ||    44
       Potion            |       |       |       |       |     2 |     3 ||     5
 Stab: Sleeping          |     1 |       |       |       |     6 |     3 ||    10
       Distracted        |       |       |       |     1 |     1 |       ||     2
       Petrified         |       |       |       |       |     6 |       ||     6
       Held in net/web   |       |       |       |       |       |     1 ||     1
Armor: Skin              |    26 |    40 |    63 |   165 |   390 |   265 ||   949
Dodge: Dodged            |    41 |    61 |   124 |   359 |   906 |   489 ||  1980
Block: Buckler           |       |       |    37 |   195 |   520 |    46 ||   798
       Kite shield       |       |       |       |       |       |   489 ||   489

Table legend: (Time is in decaauts)
 A = Elapsed time spent in this place.
 B = Non-inter-level travel time spent in this place.
 C = Inter-level travel time spent in this place.
 D = Time resting spent in this place.
 E = Time spent auto-exploring this place.
 F = Levels seen in this place.
 G = Mean time per level.
                   A        B        C        D        E       F      G
               +--------+--------+--------+--------+--------+-----+--------+
         Total |  41709 |  38490 |   3219 |   5129 |  26042 |  33 | 1263.9 |
       Dungeon |  16744 |  15034 |   1710 |   1551 |  10660 |  15 | 1116.3 |
          Lair |  12249 |  11207 |   1042 |   2210 |   7295 |   6 | 2041.5 |
         Swamp |   5690 |   5409 |    281 |    103 |   4320 |   4 | 1422.5 |
     Snake Pit |   2229 |   2154 |     75 |    112 |   1600 |   2 | 1114.5 |
  Orcish Mines |   2239 |   2129 |    110 |    447 |   1052 |   2 | 1119.5 |
        Bailey |    353 |    353 |      0 |    158 |     66 |   1 |  353.0 |
      Ice Cave |   1440 |   1440 |      0 |    413 |    671 |   1 | 1440.0 |
       Volcano |    214 |    214 |      0 |      0 |    128 |   1 |  214.0 |
      Gauntlet |    547 |    547 |      0 |    133 |    248 |   1 |  547.0 |
               +--------+--------+--------+--------+--------+-----+--------+

Top non-repeatable levels by time:
  Lair:6: 2955 daAuts
  Lair:2: 2826 daAuts
  Lair:3: 1833 daAuts
     D:8: 1787 daAuts
  Lair:1: 1717 daAuts
 Swamp:1: 1700 daAuts
  Lair:4: 1490 daAuts
   Orc:2: 1482 daAuts
   IceCv: 1440 daAuts
    D:13: 1430 daAuts
  Lair:5: 1426 daAuts
 Swamp:2: 1392 daAuts
     D:6: 1373 daAuts
    D:14: 1368 daAuts
 Snake:2: 1353 daAuts
